 Dungeon Crawl Stone Soup version 0.21.1-1-g345015fe64 (webtiles) character file.

539 RepoMan the Ruffian (level 7, 57/57 HPs)
             Began as a Red Draconian Transmuter on July 6, 2018.
             Was a Follower of Wu Jian.
             Got out of the dungeon alive.
             The game lasted 00:28:51 (4279 turns).

RepoMan the Ruffian (Red Draconian Transmuter)      Turns: 4279, Time: 00:28:52

Health: 57/57      AC:  9    Str: 16    XL:     7   Next: 5%
Magic:  12/12      EV: 12    Int: 12    God:    Wu Jian [*.....]
Gold:   199        SH:  0    Dex: 12    Spells: 6/12 levels left

rFire    + . .     SeeInvis .     - Unarmed
rCold    + . .     Gourm    .   (no shield)
rNeg     . . .     Faith    .   (armour unavailable)
rPois    +         Spirit   .   (helmet restricted)
rElec    .         Reflect  .   (no cloak)
rCorr    .         Harm     .   (no gloves)
MR       .....                  d - +2 pair of boots
Stlth    +.........             (no amulet)
HPRegen  0.19/turn              p - -2 ring of intelligence (curse)
MPRegen  0.13/turn              g - ring of Xom's Ringing Laughter {rPois rC+ Str+3}

@: no status effects
A: breathe fire, unfitting armour, fire resistance 1, cold-blooded, AC +6
a: Breathe Fire, Renounce Religion


You escaped.
You worshipped Wu Jian.
Wu Jian was aware of your devotion.
You were not hungry.

You visited 1 branch of the dungeon, and saw 4 of its levels.
You also visited: Sewer.

You collected 199 gold pieces.

Inventory:

Missiles
 a - 116 arrows
Armour
 d - a +2 pair of boots (worn)
Jewellery
 e - an uncursed ring of fire
 g - the ring of Xom's Ringing Laughter (right hand) {rPois rC+ Str+3}
   (You found it on level 4 of the Dungeon)

   [ring of poison resistance]

   It affects your strength (+3).
   It protects you from cold.
   It protects you from poison.
 p - a cursed -2 ring of intelligence (left hand)
Scrolls
 i - 2 scrolls of identify
 l - 2 scrolls of teleportation {unknown}
 m - 2 scrolls of amnesia
 n - 2 scrolls of fog
 r - a scroll of magic mapping {unknown}
 s - a scroll of immolation {unknown}
Potions
 f - 4 potions of curing
 h - a potion of haste {unknown}
 j - 2 potions of agility
 k - a potion of mutation {unknown}
 o - 2 potions of flight {unknown}
 q - a potion of lignification {unknown}
 u - a potion of might {unknown}
Books
 b - a book of Changes

   Spells                             Type                      Level
   a - Beastly Appendage              Transmutation                1
   b - Sticks to Snakes               Transmutation                2
   c - Spider Form                    Transmutation/Poison         3
   d - Ice Form                       Ice/Transmutation            4
   e - Blade Hands                    Transmutation                5
Comestibles
 c - 5 rations


   Skills:
 + Level 3.3 Fighting
 - Level 1.7 Dodging
 * Level 5.1 Unarmed Combat
 + Level 3.3 Spellcasting
 * Level 4.7 Transmutations


You had 6 spell levels left.
You knew the following spells:

 Your Spells              Type           Power        Failure   Level  Hunger
a - Beastly Appendage     Tmut           ##....       3%          1    #......
b - Sticks to Snakes      Tmut           ##......     4%          2    ##.....
c - Spider Form           Tmut/Pois      #.........   26%         3    ###....


Dungeon Overview and Level Annotations

Branches:
Dungeon (4/15)
 Temple: D:4-7

Altars:
Fedhas
Trog
Uskayaw
Wu Jian
Xom

Annotations:
D:2 exclusion: downstairs
D:3 Worldyogurt's ghost, amateur DsFi


Innate Abilities, Weirdness & Mutations

You can breathe blasts of fire.
Your fiery red scales are hard. (AC +6)
You cannot fit into any form of body armour.
Your flesh is heat resistant. (rF+)
You are cold-blooded and may be slowed by cold attacks.


Message History

a club; a leather armour You found a teleport trap!
The teleport trap disappears.
The gnoll disappears!
You have got your breath back.
There is a stone staircase leading up here.
You see here a leopard gecko skeleton.
You climb upwards.
Level annotation: Worldyogurt's ghost, amateur DsFi
There is a stone staircase leading down here.
There is a stone staircase leading up here.
You climb upwards.
Level annotation: exclusion: downstairs
There is a stone staircase leading down here.
There is a stone staircase leading up here.
You climb upwards.
There is a stone staircase leading down here.
All of the chunks of flesh in your inventory have rotted away.
There is a staircase leading out of the dungeon here.
Are you sure you want to leave the Dungeon?
This will make you lose the game!
You have escaped!

.....#.#PP.PP.PP.PP.PP.PP#
.....#.#PP.P.PP.P.PP.P.PP#
.#.#.#.#PP.P.P.PPP.P.P.PP#
.#.#.#..PP.P.PP.P.PP.P.PP#
.#.#.#..PP.PP.PP.PP.PP.PP#
.#.#.#..PPP.PP.PPP.PP.PPP#
.#.#.#..PPP.PPP...PPP.PPP#
.#.#.#..PPPP..PPPPP..PPPP#
.#.#.#..PPPPPP..@..PPPPPP#


.#.#.#..PPPPPPPPPPPPPPPPP# .#.#.#..####################
.#.#.......................# .#.#.#..#..................#
.#.######.####.............# .#.#......#................#
>#.###.#..#.##.............# '#.###.#..#.#..............# There were no monsters
in sight!

Vanquished Creatures
  Purgy (Sewer)
  A centaur (D:4)
  An ogre (D:2)
  A howler monkey (D:4)
  A bullfrog skeleton (D:4)
  Natasha (D:2)
  A hound skeleton (D:4)
  5 gnolls
  An adder (Sewer)
  3 worms
  4 dart slugs
  A leopard gecko (D:4)
  6 orcs (D:4)
  A ball python (Sewer)
  9 bats
  4 giant cockroaches
  6 goblins
  6 hobgoblins
  6 jackals
  9 kobolds
  4 frilled lizards
  6 rats
78 creatures vanquished.

Vanquished Creatures (collateral kills)
  Natasha (twice) (D:2)
  An adder (D:2)
3 creatures vanquished.

Grand Total: 81 creatures vanquished

Notes
Turn   | Place    | Note
-------+----------+-------------------------------------------
     0 | D:1      | RepoMan the Draconian Transmuter began the quest for the Orb.
     0 | D:1      | Reached XP level 1. HP: 16/16 MP: 3/3
   265 | D:1      | Reached XP level 2. HP: 16/23 MP: 5/5
   825 | D:1      | Learned a level 2 spell: Sticks to Snakes
  1142 | D:2      | Noticed an ogre
  1261 | D:2      | Reached XP level 3. HP: 26/28 MP: 4/6
  1284 | D:2      | Learned a level 3 spell: Spider Form
  1337 | D:2      | Noticed Natasha
  1374 | D:2      | Killed Natasha
  1597 | D:2      | Found a bloodstained altar of Trog.
  1604 | D:2      | Noticed Natasha
  1615 | D:2      | Killed Natasha
  1615 | D:2      | Reached XP level 4. HP: 20/36 MP: 1/7
  1636 | D:2      | Noticed Natasha
  1651 | D:2      | Killed Natasha
  1934 | D:2      | Found a hide-covered altar of Uskayaw.
  2003 | D:2      | Killed an ogre
  2003 | D:2      | Reached skill level 4 in Unarmed Combat
  2003 | D:2      | Reached XP level 5. HP: 42/42 MP: 1/9
  2276 | D:2      | Found a shimmering altar of Xom.
  2932 | D:3      | Noticed Worldyogurt's ghost (amateur DsFi)
  3068 | D:3      | Found an ornate altar of the Wu Jian Council.
  3077 | D:3      | Became a worshipper of the Wu Jian Council
  3123 | D:3      | Found a glowing drain.
  3148 | Sewer    | Entered a sewer
  3236 | Sewer    | Noticed Purgy
  3253 | Sewer    | Killed Purgy
  3253 | Sewer    | Reached XP level 6. HP: 37/50 MP: 3/10
  3703 | D:4      | Reached * piety under Wu Jian
  3706 | D:4      | Found a blossoming altar of Fedhas.
  4012 | D:4      | Got a coiled jade ring
  4013 | D:4      | Identified the ring of Xom's Ringing Laughter {rPois rC+ Str+3} (You found it on level 4 of the Dungeon)
  4025 | D:4      | Reached skill level 5 in Unarmed Combat
  4150 | D:4      | Your scales start taking on a fiery red colour.
  4150 | D:4      | Reached XP level 7. HP: 57/57 MP: 10/12
  4150 | D:4      | Gained mutation: Your flesh is heat resistant. (rF+) [Red Draconian growth]
  4279 | D:$      | Got out of the dungeon alive.

Skill      XL: |  1  2  3  4  5  6 |
---------------+-------------------+-----
Transmutations | 3 4 |  4.7
Fighting       | 2 3 |  3.3
Unarmed Combat | 4 5 |  5.1
Spellcasting   | 3 |  3.3
Dodging        | |  1.7

Action                   |  1- 3 |  4- 6 |  7- 9 || total
-------------------------+-------+-------+-------++-------
Melee: Unarmed           |    94 |   146 |     2 ||   242
       Headbutt          |     3 |    12 |     1 ||    16
       Tailslap          |    10 |    12 |       ||    22
       Kick              |     9 |     2 |       ||    11
 Cast: Beastly Appendage |    17 |    15 |       ||    32
       Sticks to Snakes  |     4 |     3 |       ||     7
       Spider Form       |       |     9 |       ||     9
Invok: Lunge             |       |     5 |       ||     5
 Abil: Breathe Fire      |       |       |     1 ||     1
  Use: Scroll            |       |     9 |       ||     9
 Stab: Distracted        |       |     1 |       ||     1
       Sleeping          |       |     1 |       ||     1
  Eat: Chunk             |     3 |     7 |       ||    10
       Ration            |       |     1 |       ||     1
Armor: Skin              |    22 |    34 |     1 ||    57
Dodge: Dodged            |    65 |   125 |       ||   190
